 Dungeon Crawl Stone Soup version 0.22-a0-351-g29664b4 (webtiles) character file.

898 StormFighter the Covert (level 7, -4/32 HPs)
             Began as a Spriggan Enchanter on Apr 12, 2018.
             Killed by nerve-wracking pain
             ... invoked by an orc priest
              (6 damage)
             ... on level 5 of the Dungeon.
             The game lasted 00:16:57 (5528 turns).

StormFighter the Covert (Spriggan Enchanter)        Turns: 5528, Time: 00:16:57

Health: -4/32      AC:  2    Str:  6    XL:     7   Next: 79%
Magic:  8/12       EV: 18    Int: 17    God:
Gold:   269        SH:  0    Dex: 16    Spells: 2/11 levels left

rFire    . . .     SeeInvis +   a - +1 dagger
rCold    . . .     Gourm    .   (shield restricted)
rNeg     . . .     Faith    .   b - +0 robe
rPois    +         Spirit   .   (helmet restricted)
rElec    .         Reflect  .   (no cloak)
rCorr    .         Harm     .   (gloves unavailable)
MR       +....                  (boots unavailable)
Stlth    +++++.....             u - amulet of inaccuracy (curse)
HPRegen  0.10/turn              e - ring of poison resistance
MPRegen  0.13/turn              (no ring)

@: very quick
A: very small, unfitting armour, see invisible, herbivore, speed 3, slow
metabolism 2
a: no special abilities


You were on level 5 of the Dungeon.
You were not hungry.

You visited 1 branch of the dungeon, and saw 5 of its levels.

You collected 269 gold pieces.

Inventory:

Hand Weapons
 a - a +1 dagger (weapon)
 r - a +3 club
Missiles
 f - 44 stones (quivered)
Armour
 b - a +0 robe (worn)
Jewellery
 e - a ring of poison resistance (left hand)
 u - a cursed amulet of inaccuracy (around neck)
Wands
 l - a wand of disintegration (6)
 o - a wand of polymorph (12)
 p - a wand of digging (4)
 t - a wand of paralysis (17)
Scrolls
 i - 3 scrolls of teleportation
 j - a scroll of fear
 k - a scroll of enchant armour {unknown}
 n - 5 scrolls of identify
 s - 2 scrolls of blinking {unknown}
 v - a scroll of remove curse
 w - a scroll of immolation {unknown}
 x - a scroll of enchant weapon {unknown}
Potions
 c - 2 potions of agility
 g - 2 potions of curing {unknown}
 h - a potion of magic {unknown}
 m - 3 potions of heal wounds {unknown}
 q - a potion of degeneration {unknown}
Comestibles
 d - 7 rations


   Skills:
 * Level 3.9 Short Blades
 - Level 3.0 Dodging
 + Level 11.4 Stealth
 - Level 2.6 Spellcasting
 - Level 6.3 Hexes


You had 2 spell levels left.
You knew the following spells:

 Your Spells              Type           Power        Failure   Level  Hunger
a - Corona                Hex            ###....      1%          1    #......
b - Tukima's Dance        Hex            ###.....     4%          3    ###....
c - Confuse               Hex            ###.....     4%          3    ###....
e - Ensorcelled Hibernat  Hex/Ice        ##....       8%          2    ##.....


Dungeon Overview and Level Annotations

Branches:
Dungeon (5/15)
 Temple: D:4-7

Altars:
Nemelex Xobeh
Qazlal
Ru
Wu Jian
Yredelemnul


Innate Abilities, Weirdness & Mutations

You are very small and have problems with some larger weapons.
You are too small for most types of armour.
You have supernaturally acute eyesight. (SInv)
You are a herbivore.
You cover ground extremely quickly.
You need to consume almost no food.


Message History

The orc priest invokes the aid of Beogh against you.
Beogh smites you!
* * * LOW HITPOINT WARNING * * *
Casting: Ensorcelled Hibernation (safe; 8% risk of failure)
Confirm with . or Enter, or press ? or * to list all spells.
Aiming: Ensorcelled Hibernation (safe; 8% risk of failure)
Press: ? - help, Shift-Dir - straight line, f/p - orc priest
Aim: an orc priest (chance to defeat MR: 44%)
The orc priest resists with some effort.
The orc priest hits you.
* * * LOW HITPOINT WARNING * * *
Casting: Ensorcelled Hibernation (safe; 8% risk of failure)
Confirm with . or Enter, or press ? or * to list all spells.
Aiming: Ensorcelled Hibernation (safe; 8% risk of failure)
Press: ? - help, Shift-Dir - straight line, f/p - orc priest
Aim: an orc priest (chance to defeat MR: 44%)
The orc priest resists with some effort.
The orc priest mumbles some strange prayers to Beogh against you.
Pain shoots through your body!
You die...

### ##.#######
#<.......#
####.#####..
##########..o...o.o.#
#..........##.#####.#
#...@o....(...# #.#
#...########### #.#
##.## #o# #.# #.#
#.##


#oo #..# #.. #..# #.# #..# #[# #..# ########## #.# You could see an orc priest.

Vanquished Creatures
  The ghost of Ratty the Skirmisher, an amateur CeMo (D:3)
  Sigmund (D:2)
  2 hounds
  A jelly (D:5)
  2 orc priests
  Jessica (D:3)
  An iguana (D:4)
  2 orc wizards
  Ijyb (D:3)
  A worker ant (D:4)
  Robin (D:2)
  5 adders
  2 oozes
  2 worms
  2 dart slugs
  6 leopard geckos
  16 orcs
  5 giant cockroaches
  13 goblins
  11 hobgoblins
  13 jackals
  7 kobolds
  2 quokkas
  4 ball pythons
  11 bats
  2 frilled lizards
  6 rats
121 creatures vanquished.

Notes
Turn   | Place    | Note
-------+----------+-------------------------------------------
     0 | D:1      | StormFighter the Spriggan Enchanter began the quest for the Orb.
     0 | D:1      | Reached XP level 1. HP: 9/9 MP: 5/5
    32 | D:1      | Reached skill level 5 in Stealth
   101 | D:1      | Reached XP level 2. HP: 13/13 MP: 4/6
   107 | D:1      | Learned a level 2 spell: Ensorcelled Hibernation
   380 | D:1      | Reached skill level 6 in Stealth
   814 | D:1      | Reached XP level 3. HP: 16/16 MP: 5/8
  1168 | D:2      | Noticed Sigmund
  1193 | D:2      | Killed Sigmund
  1193 | D:2      | Reached skill level 9 in Stealth
  1193 | D:2      | Reached XP level 4. HP: 21/21 MP: 5/9
  1193 | D:2      | Reached XP level 5. HP: 24/24 MP: 5/10
  1313 | D:2      | Learned a level 3 spell: Confuse
  1575 | D:2      | Found a sacrificial altar of Ru.
  1626 | D:2      | Reached skill level 10 in Stealth
  1747 | D:2      | Reached XP level 6. HP: 26/28 MP: 11/11
  1756 | D:2      | Noticed Robin
  2269 | D:2      | Killed Robin
  2883 | D:3      | Reached skill level 5 in Hexes
  3239 | D:3      | Noticed Ratty's ghost (amateur CeMo)
  3275 | D:3      | Killed Ratty's ghost
  3275 | D:3      | Reached XP level 7. HP: 32/32 MP: 6/12
  3561 | D:3      | Noticed Ijyb
  3576 | D:3      | Killed Ijyb
  3617 | D:3      | Noticed Jessica
  3625 | D:3      | Killed Jessica
  3625 | D:3      | Reached skill level 11 in Stealth
  3975 | D:3      | Found a faded altar of an unknown god.
  3975 | D:3      | Found a faded altar of an unknown god.
  3980 | D:3      | Found a basalt altar of Yredelemnul.
  3983 | D:3      | Found a stormy altar of Qazlal.
  3984 | D:3      | Found a sparkling altar of Nemelex Xobeh.
  5255 | D:4      | Found an ornate altar of the Wu Jian Council.
  5315 | D:5      | Entered Level 5 of the Dungeon
  5408 | D:5      | Learned a level 3 spell: Tukima's Dance
  5528 | D:5      | Killed from afar by an orc priest

Vault maps used:
D:1:      mrwooster_arrival_arrow, serial_glass, glass_columns_b,
          glass_columns_b
D:2:      nicolae_ru_sacrificial_ziggurat, uniq_robin, uniq_sigmund
D:3:      chequers_temple_overflow_minitemple, uniq_ijyb, uniq_jessica
D:4:      marbit_many_paths
D:5:      minmay_temple_entry_trees, first_ration

Skill      XL: |  1  2  3  4  5  6  7 |
---------------+----------------------+-----
Stealth        | 5 6 9 10 11 | 11.4
Hexes          | 4 6 |  6.3
Short Blades   | 3 |  3.9
Dodging        | |  3.0
Spellcasting   | |  2.6

Action                   |  1- 3 |  4- 6 |  7- 9 || total
-------------------------+-------+-------+-------++-------
Melee: Dagger            |    78 |   143 |   158 ||   379
Throw: Stone             |       |       |     1 ||     1
 Cast: Corona            |     6 |       |       ||     6
       Ensorcelled Hiber |    20 |    41 |    42 ||   103
       Confuse           |       |     1 |       ||     1
  Use: Scroll            |       |     3 |     1 ||     4
 Stab: Sleeping          |    18 |    25 |    31 ||    74
       Distracted        |       |     2 |     2 ||     4
       Confused          |       |     3 |       ||     3
  Eat: Ration            |       |     2 |     3 ||     5
Armor: Robe              |    13 |    24 |     7 ||    44
Dodge: Dodged            |    64 |   159 |   118 ||   341

Table legend:
 A = Spawn XP
 B = Non-spawn XP
 C = Spawn XP percentage of total XP
 D = Spawn monster count
 E = Non-spawn monster count
 F = Spawn count percentage of total count
 G = Total turns spent on level
                    A         B        C        D         E        F      G
               +---------+---------+-------+---------+---------+-------+---------
         Total |       0 |    1283 |   0.0 |       0 |     121 |   0.0 |  5528
               +---------+---------+-------+---------+---------+-------+---------
           D:1 |       0 |      48 |   0.0 |       0 |      25 |   0.0 |  1302
           D:2 |       0 |     388 |   0.0 |       0 |      38 |   0.0 |  1653
           D:3 |       0 |     562 |   0.0 |       0 |      36 |   0.0 |  1204
           D:4 |       0 |     238 |   0.0 |       0 |      19 |   0.0 |  1156
           D:5 |       0 |      47 |   0.0 |       0 |       3 |   0.0 |   213
               +---------+---------+-------+---------+---------+-------+---------
